 Dungeon Crawl Stone Soup version 0.17.0-26-gececa24 (webtiles) character file.

72 Raultor the Changer (level 4, 0/28 HPs)
             Began as an Octopode Transmuter on Nov 19, 2015.
             Slain by Natasha (3 damage)
             ... on level 2 of the Dungeon.
             The game lasted 00:04:18 (1929 turns).

Raultor the Changer (Octopode Transmuter)           Turns: 1929, Time: 00:04:18

Health: 0/28       AC:  2    Str: 10    XL:     4   Next: 26%
Magic:  4/7        EV: 19    Int: 15    God:
Gold:   83         SH:  0    Dex: 17    Spells: 2 memorised, 3 levels left

rFire  . . .     SeeInvis .       - Unarmed
rCold  . . .     Clarity  .     (shield currently unavailable)
rNeg   . . .     SustAt   .     (helmet currently unavailable)
rPois  x         Gourm    .     (no amulet)
rElec  .         Spirit   .     f - ring of wizardry
rCorr  .         Warding  .     (no ring)
rMut   .         Stasis   .     (no ring)
MR     .....                    (no ring)
Stlth  ++........               (no ring)
                                (no ring)
                                (no ring)
                                (no ring)

@: spider-form, not resistant to hostile enchantments, unstealthy
A: almost no armour, amphibious, 8 rings, (constrict 8), (camouflage 0),
(gelatinous body 0)
a: End Transformation


You were on level 2 of the Dungeon.
You were hungry.
You were a venomous arachnid creature.
You visited 1 branch of the dungeon, and saw 2 of its levels.

You collected 83 gold pieces.

Inventory:

Missiles
 g - 54 stones (quivered)
Jewellery
 f - a ring of wizardry (left front leg)
Scrolls
 d - a scroll of recharging {unknown}
 e - a scroll of magic mapping {unknown}
 h - 2 scrolls of identify {unknown}
 j - a scroll of enchant weapon {unknown}
Potions
 i - a potion of invisibility {unknown}
 k - a potion of agility {unknown}
Books
 b - a book of Changes

   Spells                             Type                      Level
   a - Beastly Appendage              Transmutation                1
   b - Sticks to Snakes               Transmutation                2
   c - Spider Form                    Transmutation/Poison         3
   d - Ice Form                       Ice/Transmutation            4
   e - Blade Hands                    Transmutation                5
Comestibles
 a - 2 chunks of flesh
 c - a bread ration


   Skills:
 - Level 1.0 Fighting
 - Level 2.0 Dodging
 - Level 3.0 Unarmed Combat
 - Level 2.0 Spellcasting
 + Level 4.4 Transmutations


You had 3 spell levels left.
You knew the following spells:

 Your Spells              Type           Power        Failure   Level  Hunger
a - Beastly Appendage     Trmt           ##....       6%          1    #......
b - Spider Form           Trmt/Pois      #.........   24%         3    ###....


Dungeon Overview and Level Annotations

Branches:
Dungeon (2/15)

Altars:
Yredelemnul

Annotations:
D:2 Natasha


Innate Abilities, Weirdness & Mutations

You cannot wear most types of armour.
You are amphibious.
You can wear up to eight rings at the same time.
((You can use your tentacles to constrict eight enemies at once.))
((Your skin changes colour to match your surroundings (Stealth).))
((Your rubbery body absorbs attacks (AC +1).))


Message History

Natasha hisses angrily.
Natasha zaps a wand.
The puff of frost hits you!
It is a wand of frost.
Natasha zaps a wand.
The puff of frost hits you!
Casting: Spider Form
Confirm with . or Enter, or press ? or * to list all spells.
You turn into a venomous arachnid creature.
You are feeling hungry.
Natasha claws you!
* * * LOW HITPOINT WARNING * * *
You are too injured to fight recklessly!
You closely miss Natasha.
Natasha stares at you and mumbles some strange words.
You resist with some effort.
You hit Natasha.
Natasha is poisoned.
Natasha is moderately wounded.
Natasha misses you.
You barely miss Natasha.
Natasha is moderately wounded.
Natasha claws you.
You die...

.. .....#.
... ....
... #.## #
#.# #...
#.# # #.#
#.##
....#.#.#
#.#
#.#...#.###
#######.#
#.....h...#
#.).....#
.#.#.#s###
#.#######
#.# #.# #.#
#.# #.# #.#
#.#######.#
#.........#
#.#########
###


You could see Natasha.

Vanquished Creatures
  Terence (D:2)
  An adder (D:2)
  A worm (D:2)
  3 giant geckos
  A giant cockroach (D:1)
  3 hobgoblins
  3 kobolds
  A quokka (D:2)
  9 bats
  2 giant newts
  8 goblins
  2 rats
35 creatures vanquished.

Notes
Turn   | Place    | Note
--------------------------------------------------------------
     0 | D:1      | Raultor the Octopode Transmuter began the quest for the Orb.
     0 | D:1      | Reached XP level 1. HP: 13/13 MP: 3/3
   405 | D:1      | Reached XP level 2. HP: 9/18 MP: 5/5
  1184 | D:2      | Found a basalt altar of Yredelemnul.
  1505 | D:2      | Reached XP level 3. HP: 16/23 MP: 6/6
  1510 | D:2      | Learned a level 3 spell: Spider Form
  1879 | D:2      | Noticed Terence
  1891 | D:2      | Killed Terence
  1891 | D:2      | Reached skill level 4 in Transmutations
  1891 | D:2      | Reached XP level 4. HP: 21/28 MP: 4/7
  1922 | D:2      | Noticed Natasha
  1929 | D:2      | Slain by Natasha

Action                   |  1- 3 |  4- 6 || total
-------------------------+-------+-------++-------
Melee: Unarmed           |    87 |     3 ||    90
 Cast: Spider Form       |     3 |     1 ||     4
 Stab: Sleeping          |     5 |       ||     5
  Eat: Chunk             |     3 |       ||     3
